[Event "Przeworsk GM norm 2022"]
[Site "Przeworsk"]
[Date "2022.06.05"]
[Round "9.3"]
[White "Fus, Jakub"]
[Black "Licznerski, Lukasz"]
[Result "1/2-1/2"]
[ECO "B13"]
[WhiteElo "2378"]
[BlackElo "2439"]
[Annotator "TA"]
[PlyCount "107"]
[EventDate "2022.05.30"]
[EventType "tourn"]
[EventCountry "POL"]
[SourceTitle "playchess.com"]
[Source "ChessBase"]
[SourceQuality "1"]
[TimeControl "40/5400+30:1800+30"]

1. e4 c6 2. d4 d5 3. exd5 cxd5 4. Bd3 Nc6 5. c3 Nf6 6. h3 g6 7. Nf3 Bf5 8. O-O {[%emt 0:02:07] The position is equal. 8.Be2 might become the main line.} Bxd3 {[%emt 0:01:19] B13: Caro-Kann: Exchange Variation and Panov-Botvinnik Attack.} 9. Qxd3 Bg7 10. Bf4 Ne4 11. Nbd2 Nxd2 {[%emt 0:01:38] [#]} 12. Nxd2 $146 ({Predecessor:} 12. Qxd2 O-O 13. Rfe1 e6 14. Ne5 Nxe5 15. Bxe5 Bxe5 16. Rxe5 Qd6 17. h4 h5 18. Rxh5 gxh5 19. Qg5+ Kh7 20. Qxh5+ Kg7 21. Qg5+ {½-½ (21) Predojevic,B (2620)-Saric,I (2555) Tuzla 2019}) 12... O-O 13. Qb5 Qd7 14. Nb3 Ne5 15. a4 Qxb5 16. axb5 Nd3 17. Bc1 a6 18. Ra5 b6 19. Rxa6 Rxa6 20. bxa6 {[%emt 0:00:08] And now Rd1 would win.} Ra8 21. Rd1 $1 Nxc1 22. Nxc1 Rxa6 $11 {[%emt 0:00:05][%mdl 4096] Endgame KRB-KRN} 23. Nd3 e6 24. f4 Bf8 25. Kf2 h6 26. Ke3 g5 27. g3 Bd6 28. h4 Kg7 29. hxg5 hxg5 30. Rh1 Ra8 31. Kf3 Kg6 32. Kg4 gxf4 33. gxf4 b5 34. Kf3 b4 35. cxb4 Rb8 36. Ra1 Kf5 37. Rh1 f6 38. Rh5+ Kg6 39. Rh2 Bxb4 40. Kg4 Bd6 41. Re2 Kf7 42. Rc2 Ra8 43. Rc6 Ke7 44. Kf3 Rh8 45. Ra6 Rh3+ 46. Ke2 Kd7 47. Ra7+ Kc6 48. Ra6+ Kc7 49. Nc5 e5 50. Ne6+ Kd7 51. fxe5 fxe5 52. dxe5 Bxe5 53. Nc5+ Kc7 54. b4 {[%emt 0:00:29] A rather calm draw.  Weighted Error Value: White=0.01 (flawless) /Black=0.01 (flawless)} 1/2-1/2

[Event "Przeworsk GM norm 2022"]
[Site "Przeworsk"]
[Date "2022.06.05"]
[Round "9.4"]
[White "Omelja, Artem"]
[Black "Golubka, Petro"]
[Result "1/2-1/2"]
[ECO "D10"]
[WhiteElo "2515"]
[BlackElo "2380"]
[Annotator "TA"]
[PlyCount "61"]
[EventDate "2022.05.30"]
[EventType "tourn"]
[EventCountry "POL"]
[SourceTitle "playchess.com"]
[Source "ChessBase"]
[SourceQuality "1"]
[TimeControl "40/5400+30:1800+30"]

1. d4 d5 2. c4 c6 3. Nc3 Nf6 4. cxd5 cxd5 5. Bf4 e6 6. e3 Nc6 7. Bd3 Bd6 8. Bxd6 Qxd6 9. f4 Nb4 {[%emt 0:03:06] D10: Slav Defence: 3 cxd5 (without early Nf3) and 3 Nc3.} 10. Bb1 Bd7 11. Nf3 O-O {[%emt 0:00:12] White is slightly better.} 12. O-O {[%emt 0:00:10] [#]} Rfc8 $146 ({Predecessor:} 12... g6 13. Ne5 Ne8 14. a3 Nc6 15. Qd3 Ne7 16. Ba2 a6 17. Rac1 f6 18. Nxd7 Qxd7 {1-0 (26) Dushatskiy,F (2109)-Biebinger,G (2239) Neustadt an der Weinstrasse 2019}) 13. a3 Nc6 14. Bd3 Na5 15. Ne5 Nc4 16. Bxc4 dxc4 17. e4 b5 {[%emt 0:00:12] [#]} (17... Bc6 $11 {keeps the balance.}) 18. Qd2 {[%emt 0:00:07] White is more active.} (18. Nxf7 $1 $16 Kxf7 (18... Qb6 19. e5) 19. e5) 18... a5 {[%emt 0:00:15] [#]} 19. Qe3 (19. Nxf7 $1 $11 Kxf7 20. e5) 19... h6 (19... b4 $15 20. Nd1 (20. axb4 axb4 21. Rxa8 Rxa8 $17) 20... Bb5) 20. Ne2 b4 21. axb4 Qxb4 {[%emt 0:00:13] [#]} (21... axb4 $11 {remains equal.} 22. Nxc4 Qc7 23. Rxa8 Rxa8) 22. Nc3 ({Better is} 22. g4 $1 $16 {[%cal Rg4g5] Black must now prevent g5.} Be8 23. Nc3 (23. g5 hxg5 24. fxg5 Nd7 $14)) 22... a4 $11 (22... Qxb2 $2 23. Rfb1 Qb4 24. Nxd7 (24. Rxb4 axb4 25. Rxa8 Rxa8 $16) 24... Nxd7 25. Rxb4 $18) 23. h3 a3 (23... Qxb2 $2 24. Rfb1 Qc2 25. Ra2 $18) 24. bxa3 Rxa3 25. Rxa3 Qxa3 26. Qc1 Qa7 {[%emt 0:00:11] The position is equal.} 27. Rd1 Bc6 28. Qe3 Bb7 29. Kh2 Qa8 30. Re1 Qa7 31. Rd1 {[%emt 0:00:08] Weighted Error Value: White=0.23 (precise) /Black=0.15 (very precise)} 1/2-1/2

[Event "Przeworsk GM norm 2022"]
[Site "Przeworsk"]
[Date "2022.06.05"]
[Round "9.5"]
[White "Mis, Mieszko"]
[Black "Neugebauer, Martin"]
[Result "1/2-1/2"]
[ECO "B33"]
[WhiteElo "2388"]
[BlackElo "2505"]
[Annotator "TA"]
[PlyCount "26"]
[EventDate "2022.05.30"]
[EventType "tourn"]
[EventCountry "POL"]
[SourceTitle "playchess.com"]
[Source "ChessBase"]
[SourceQuality "1"]
[TimeControl "40/5400+30:1800+30"]

1. e4 c5 2. Nf3 Nc6 3. d4 cxd4 4. Nxd4 Nf6 5. Nc3 e5 6. Ndb5 d6 7. Bg5 a6 8. Na3 b5 9. Nd5 Qa5+ 10. Bd2 Qd8 11. Bg5 Qa5+ 12. Bd2 Qd8 13. Bg5 {[%emt 0:00:06] [#]} Qa5+ $146 ({Predecessor:} 13... Be7 14. Bxf6 Bxf6 15. c3 Bg5 16. Nc2 Ne7 17. Ncb4 O-O 18. g3 Be6 19. h4 Bh6 20. Bg2 a5 21. Nxe7+ Qxe7 22. Nd5 Qb7 23. g4 Bxd5 24. Qxd5 Qxd5 25. exd5 {½-½ (25) Sindarov,J (2558)-Vakhidov,J (2534) Chess.com INT 2021}) 1/2-1/2